 Dungeon Crawl Stone Soup version 0.29.0-4-gdea44cf6ec (webtiles) character file.

Game seed: 17936566642951753292

72 qw the Sneak (level 4, 0/28 HPs)
             Began as a Gargoyle Delver on Sept 10, 2022.
             Slain by an ice beast (10 damage)
             ... on level 5 of the Dungeon.
             The game lasted 00:00:06 (287 turns).

qw the Sneak (Gargoyle Delver)                       Turns: 287, Time: 00:00:07

Health: 0/28       AC:  6    Str: 18    XL:     4   Next: 25%
Magic:  4/4        EV: 11    Int: 10    God:
Gold:   0          SH:  0    Dex: 11    Spells: 3/3 levels left

rFire   . . .      SeeInvis .   a - +0 hand axe
rCold   . . .      Faith    .   (no shield)
rNeg    + . .      Spirit   .   b - +0 leather armour
rPois   inf        Reflect  .   (no helmet)
rElec   +          Harm     .   (no cloak)
rCorr   .          Rampage  .   (no gloves)
Will    .....                   (no boots)
Stlth   +++.......              (no amulet)
HPRegen 0.09/turn               (no ring)
MPRegen 0.09/turn               (no ring)

@: no status effects
A: sickness immunity, AC +3, negative energy resistance 1, electricity
resistance, torment resistance 1, petrification resistance
a: no special abilities


You were on level 5 of the Dungeon.
You visited 1 branch of the dungeon, and saw 1 of its levels.


Innate Abilities, Weirdness & Mutations

You are immune to sickness and miasma.
Your stone body is resilient. (AC +3)
You are immune to poison.
You resist negative energy. (rN+)
You are resistant to electric shocks. (rElec)
You are resistant to unholy torment.
You are immune to petrification.


   Skills:
 - Level 3.2 Fighting
 + Level 4.0 Axes
 - Level 1.5 Dodging
 - Level 5.4 Stealth


You had 3 spell levels left.
You didn't know any spells.
Your spell library was empty.

Inventory:

Hand Weapons
 a - a +0 hand axe (weapon)
Armour
 b - a +0 leather armour (worn)
 h - the +0 robe of Lachrymose Music {Rampage rC++ Regen+}
   (You found it on level 5 of the Dungeon)

   rC:        It greatly protects you from cold.
   Regen:     It increases your rate of health regeneration.
   Rampage:   It bestows one free step when moving towards enemies.
Wands
 g - a wand of digging (3)
Scrolls
 c - a scroll of fog
 d - a scroll of magic mapping
 e - a scroll of fear
 i - a scroll of identify {unknown}
Potions
 f - a potion of haste

Dungeon Overview and Level Annotations

Branches:
Dungeon (5/15)
 Temple: D:4-7

Altars:

Shops:
D:5 **


Message History

The quokka is almost dead.
You hit the iguana but do no damage. You hit the ufetubus.
You kill the ufetubus!
You hit the ice beast but do no damage. The ice beast closely misses you.
The iguana bites you but does no damage.
The quokka closely misses you.
Your Axes skill increases to level 4!
You barely miss the quokka.
The quokka is almost dead.
You hit the iguana. You hit the ice beast but do no damage.
The ice beast barely misses you. The iguana bites you.
The quokka closely misses you.
You closely miss the quokka.
The quokka is almost dead.
You barely miss the iguana. You barely miss the ice beast.
The quokka bites you. The ice beast closely misses you.
The iguana barely misses you.
You closely miss the quokka.
The quokka is severely wounded.
You hit the iguana. You hit the ice beast.
The quokka bites you but does no damage.
The ice beast completely misses you. The iguana bites you.
The quokka bites you but does no damage.
You hit the quokka.
You kill the quokka!
You hit the iguana. You hit the ice beast. The ice beast misses you.
The iguana closely misses you.
You hit the iguana.
The iguana is severely wounded.
You hit the ice beast.
The ice beast hits you but does no damage.
The iguana bites you but does no damage.
The ice beast hits you but does no damage.
The iguana barely misses you.
You hit the iguana.
The iguana is almost dead.
You hit the ice beast. The ice beast hits you. The ice beast freezes you!
You die...

### .. 7.
7.# .. #
#.### \8#
7#..l#.....
7..@.......
7...Y......
7.....#8\8#
7.....# ###
......#
..#...##
########


You could see an ice beast and an iguana.

Vanquished Creatures
  A scorpion (D:5)
  An adder (D:5)
  An ufetubus (D:5)
  A quokka (D:5)
4 creatures vanquished.

Notes
Turn   | Place    | Note
-------+----------+-------------------------------------------
     0 | D:5      | qw the Gargoyle Delver began the quest for the Orb.
     0 | D:5      | Reached XP level 1. HP: 14/14 MP: 1/1
     0 | D:5      | 0 ||| qw: Version: 0.1-a-116-g5d60599
     0 | D:5      | 0 ||| qw: Game counter: 8110
     0 | D:5      | 0 ||| qw: Always use a shield: true
     0 | D:5      | 0 ||| qw: God list: Okawaru
     0 | D:5      | 0 ||| qw: Allow faded altars: false
     0 | D:5      | 0 ||| qw: Do Orc after D:15 true
     0 | D:5      | 0 ||| qw: Do second Lair branch before Depths: true
     0 | D:5      | 0 ||| qw: Lair rune preference: random
     0 | D:5      | 0 ||| qw: Plans: Normal
     0 | D:5      | 0 ||| PLANNING D:1-11
     2 | D:5      | Identified the +0 robe of Lachrymose Music {Rampage rC++
                  | Regen+}
    23 | D:5      | Noticed a scorpion
    34 | D:5      | Reached XP level 2. HP: 18/19 MP: 2/2
    54 | D:5      | Killed a scorpion
    55 | D:5      | Reached skill level 3 in Axes
    55 | D:5      | Reached XP level 3. HP: 8/23 MP: 3/3
    55 | D:5      | Reached XP level 4. HP: 9/28 MP: 4/4
   272 | D:5      | Found Poovelez's Specific Store.
   272 | D:5      | Found Tuon's General Store.
   272 | D:5      | Noticed an ice beast
   287 | D:5      | Slain by an ice beast

Levels and vault maps discovered:
D:5:      layout_rooms, mainiacjoe_overflow_paths, nicolae_specific_store,
          uniq_menkaure, uniq_pikel, uniq_ijyb

Skill      XL: |  1  2  3  4 |
---------------+-------------+-----
Axes           | 2 3 4 |  4.0
Fighting       | |  3.2
Dodging        | |  1.5
Stealth        | |  5.4

Action                   |  1- 3 |  4- 6 || total
-------------------------+-------+-------++-------
Melee: Hand axe          |    26 |    13 ||    39
Armor: Leather armour    |     8 |    13 ||    21
Dodge: Dodged            |    18 |    31 ||    49

Table legend:
 A = Non-vault XP
 B = Vault XP
 C = Vault XP percentage of total XP
 D = Non-vault monster count
 E = Vault monster count
 F = Vault count percentage of total count
                 A         B        C        D         E       F
            +---------+---------+-------+---------+---------+-------
      Total |     103 |       0 |   0.0 |       4 |       0 |   0.0
            +---------+---------+-------+---------+---------+-------
        D:5 |     103 |       0 |   0.0 |       4 |       0 |   0.0
            +---------+---------+-------+---------+---------+-------
